 Dungeon Crawl Stone Soup version 0.18-a0-1554-g49b38aa (webtiles) character file.

3060 Psiweapon the Cleaver (level 9, 0/75 HPs)
             Began as a Hill Orc Gladiator on Mar 12, 2016.
             Was a Believer of Makhleb.
             Slain by an orc warrior
             ... wielding a +0 hand axe
              (12 damage)
             ... on level 8 of the Dungeon.
             The game lasted 00:28:56 (9266 turns).

Psiweapon the Cleaver (Hill Orc Gladiator)          Turns: 9266, Time: 00:28:57

Health: 0/75       AC: 10    Str: 18    XL:     9   Next: 87%
Magic:  9/9        EV: 12    Int: 10    God:    Makhleb [**....]
Gold:   429        SH:  0    Dex: 12    Spells: 0 memorised, 8 levels left

rFire  . . .     SeeInvis .     a - +0 war axe
rCold  + . .     Gourm    .     x - +2 leather armour {rC+}
rNeg   . . .     Faith    .     (no shield)
rPois  .         Spirit   .     c - +0 helmet
rElec  .         Dismiss  .     (no cloak)
rCorr  .         Reflect  .     (no gloves)
SustAt .         Harm     .     (no boots)
MR     .....                    (no amulet)
Stlth  +.........               J - +3 ring of protection
                                D - ring of flight

@: not resistant to hostile enchantments, very unstealthy
A: no striking features
a: Minor Destruction, Renounce Religion, Evoke Flight


You were on level 8 of the Dungeon.
You worshipped Makhleb.
Makhleb was pleased with you.
You were not hungry.

You visited 2 branches of the dungeon, and saw 9 of its levels.

You collected 429 gold pieces.

Inventory:

Hand Weapons
 a - a +0 war axe (weapon)
 b - a +0 hand crossbow of velocity
 g - a +1 short sword of speed
 l - a +0 flail of holy wrath
 o - a -1 whip
 r - a +0 morningstar
 G - a +0 hunting sling
 Q - a +0 whip of freezing
Missiles
 d - 3 throwing nets (quivered)
 h - 11 poisoned needles
 s - 204 stones
 v - 25 sling bullets
 I - 2 tomahawks
 N - 30 bolts
Armour
 c - a +0 helmet (worn)
 q - a +0 leather armour
 t - a +0 ring mail
 x - a +2 leather armour of cold resistance (worn)
 z - a cursed +0 robe
 B - a +0 chain mail
Jewellery
 D - a ring of flight (left hand)
 J - a +3 ring of protection (right hand)
Scrolls
 e - 2 scrolls of immolation {unknown}
 i - 2 scrolls of amnesia {unknown}
 u - 4 scrolls of identify
 w - a scroll of fog {unknown}
 y - 2 scrolls of fear {unknown}
 C - 3 scrolls of remove curse
 M - a scroll of recharging {unknown}
 O - a scroll of teleportation {unknown}
 P - a scroll of magic mapping {unknown}
Potions
 j - 2 potions of agility {unknown}
 k - a potion of invisibility {unknown}
 m - a potion of curing
 n - a potion of brilliance {unknown}
 A - a potion of might {unknown}
 F - a potion of berserk rage {unknown}
 K - a potion of lignification {unknown}
 L - a potion of flight {unknown}
Miscellaneous
 E - a plain deck of wonders
Comestibles
 f - 5 bread rations
 p - a fruit
 H - 2 meat rations


   Skills:
 + Level 5.9 Fighting
 - Level 10.0 Axes
 + Level 3.8 Crossbows
 - Level 1.8 Throwing
 - Level 10.0 Armour
 - Level 2.8 Dodging


You had 8 spell levels left.
You didn't know any spells.

Dungeon Overview and Level Annotations

Branches:
Dungeon (8/15)             Temple (1/1) D:7
   Lair: D:8-11

Altars:
Cheibriados
Dithmenos
Elyvilon
Gozag
Makhleb
Nemelex Xobeh
Pakellas
Trog
Vehumet

Annotations:
D:3 exclusion: downstairs


Message History

Makhleb accepts your kill.
You feel better.
You barely miss the orc. The orc misses you.
The orc warrior hits you with a hand axe!
* * * LOW HITPOINT WARNING * * *
Drink which item? (? for menu, Esc to quit)
You feel better. The orc hits you but does no damage.
You barely miss the orc warrior.
The orc warrior is lightly wounded.
You barely miss the orc. The orc warrior completely misses you.
The orc barely misses you.
You hit the orc warrior but do no damage.
The orc warrior is lightly wounded.
You closely miss the orc.
The orc warrior hits you with a hand axe!
* * * LOW HITPOINT WARNING * * *
The orc misses you.
Drink which item? (? for menu, Esc to quit)
You feel better.
The orc warrior hits you with a hand axe!
You die...

..###.........####+###
...)...<.............
..[#[..............#####
##.)[...................
....#.....##...........
.......................
########(..........######
##### ##.#....(...#..#.#
....#
#.?.....@†.##.#.###....#
###.....oo......o.<....#
#.#.....###....S#....#
#...........#.###....#
###......#..#.# #####
##......#.#.#
.....#......
..#...###.... . #....o


You could see an orc warrior and an orc.

Vanquished Creatures
  Pikel (D:7)
  A hippogriff (D:7)
  Menkaure (D:7)
  Edmund (D:4)
  Duvessa (D:7)
  An orc warrior (D:6)
  An eye of draining (D:8)
  3 slaves (D:7)
  5 ogres
  A centaur (D:7)
  A big kobold (D:7)
  3 giant frogs
  Dowan (D:7)
  5 scorpions
  A howler monkey (D:7)
  The ghost of Oddball22 the Stinger, a weakling OpVM (D:3)
  A crimson imp (D:6)
  2 orc priests
  2 hounds
  An iguana (D:7)
  6 worker ants
  Ijyb (D:3)
  5 orc wizards
  2 hound skeletons (D:5)
  2 worker ant zombies (D:5)
  Robin (D:2)
  3 gnolls
  5 adders
  4 shadow imps
  3 oozes
  3 worms (D:2)
  7 dart slugs
  3 giant geckos
  17 orcs
  11 bats
  8 giant cockroaches
  21 goblins
  6 hobgoblins
  17 jackals
  6 kobolds
  5 quokkas
  A giant gecko skeleton (D:5)
  6 giant newts
  8 rats
185 creatures vanquished.

Notes
Turn   | Place    | Note
--------------------------------------------------------------
     0 | D:1      | Psiweapon the Hill Orc Gladiator began the quest for the Orb.
     0 | D:1      | Reached XP level 1. HP: 18/18 MP: 1/1
   181 | D:1      | Reached XP level 2. HP: 22/25 MP: 2/2
   474 | D:2      | Reached XP level 3. HP: 26/30 MP: 3/3
   476 | D:2      | Reached skill level 5 in Axes
  1004 | D:1      | Reached XP level 4. HP: 33/37 MP: 4/4
  1621 | D:3      | Noticed Oddball22's ghost (weakling OpVM)
  1629 | D:3      | Killed Oddball22's ghost
  1629 | D:3      | Reached XP level 5. HP: 18/42 MP: 5/5
  1886 | D:3      | Found a bloodstained altar of Trog.
  1908 | D:4      | Noticed Edmund
  2377 | D:2      | Reached XP level 6. HP: 47/50 MP: 6/6
  2411 | D:2      | Noticed Robin
  2425 | D:2      | Killed Robin
  2948 | D:4      | Killed Edmund
  3219 | D:4      | Reached XP level 7. HP: 49/56 MP: 7/7
  3317 | D:3      | Noticed Ijyb
  3330 | D:3      | Killed Ijyb
  3339 | D:3      | Reached skill level 10 in Axes
  3339 | D:3      | Reached skill level 1 in Armour
  4004 | D:4      | Found a radiant altar of Vehumet.
  4087 | D:5      | Entered Level 5 of the Dungeon
  4238 | D:4      | Found a sparkling altar of Nemelex Xobeh.
  5116 | D:7      | Found a staircase to the Ecumenical Temple.
  5125 | Temple   | Entered the Ecumenical Temple
  5186 | Temple   | Became a worshipper of Makhleb the Destroyer
  5711 | D:5      | Reached skill level 5 in Armour
  5711 | D:5      | Reached XP level 8. HP: 50/62 MP: 8/8
  6701 | D:6      | Reached * piety under Makhleb
  7363 | D:6      | Found a shadowy altar of Dithmenos.
  7413 | D:7      | Reached XP level 9. HP: 30/68 MP: 9/9
  7860 | D:7      | Noticed Dowan
  7861 | D:7      | Noticed Duvessa
  7888 | D:7      | Killed Duvessa
  7906 | D:7      | Killed Dowan
  7906 | D:7      | Reached skill level 10 in Armour
  8126 | D:7      | Noticed Pikel
  8148 | D:7      | Killed Pikel
  8148 | D:7      | Reached ** piety under Makhleb
  8373 | D:7      | Noticed Menkaure
  8385 | D:7      | Killed Menkaure
  8613 | D:8      | Reached skill level 5 in Fighting
  9266 | D:8      | Slain by an orc warrior

Vault maps used:
D:1:      ncdulo_watergridlock
D:2:      kennysheep_goblin_castle
D:3:      lemuel_crystal_altar, uniq_iyjb, uniq_robin
D:4:      lemuel_round_altar, nemelex_deck, first_bread, serial_glass,
          glass_columns_a, glass_columns_a, uniq_edmund
D:6:      nicolae_dithmenos_through_a_glass_darkly, roderic_serpentine_path,
          nrook_uturn
D:7:      temple_hall, uniq_pikel, uniq_menkaure, uniq_duvessa
D:8:      nicolae_overflow_hidden_temple, lemuel_blue_sif_altar,
          nicolae_overflow_crystal_walls, tso_altar, minmay_fountain_box
Temple:   minmay_temple_curvy_8

Skill      XL: |  1  2  3  4  5  6  7  8  9 |
---------------+----------------------------+-----
Axes           | 5 7 8 9 10 | 10.0
Armour         | 5 9 10 | 10.0
Fighting       | 5 |  5.9
Crossbows      | 3 |  3.8
Throwing       | |  1.8
Dodging        | |  2.8

Action                   |  1- 3 |  4- 6 |  7- 9 || total
-------------------------+-------+-------+-------++-------
Melee: War axe           |    81 |   128 |   452 ||   661
       Whip              |     4 |       |       ||     4
 Fire: Hunting sling     |       |     3 |    13 ||    16
       Hand crossbow     |       |       |    12 ||    12
Throw: Throwing net      |       |       |     1 ||     1
  Use: Scroll            |     3 |     1 |     1 ||     5
       Potion            |       |     1 |     3 ||     4
 Stab: Sleeping          |       |     1 |       ||     1
       Held in net/web   |       |       |     2 ||     2
  Eat: Chunk             |       |     7 |    15 ||    22
       Fruit             |       |     1 |     1 ||     2
       Pizza             |       |       |     1 ||     1
       Beef jerky        |       |       |     1 ||     1
